[Event "Titled Tuesday Blitz May 4 2021"]
[White "Moultino06"]
[Black "Crevatin, Leo"]
[BlackFideId "1726307"]
[WhiteElo "2685"]
[BlackElo "2509"]
[Result "1-0"]
[Round "04"]
[TimeControl "180+1"]
[Date "2021.05.04"]
[WhiteClock "0:00:51"]
[BlackClock "0:00:12"]

1. e4 c6 2. Nf3 d5 3. d3 Bg4 4. h3 Bh5 5. Nbd2 Nf6 6. e5 Nfd7 7. d4 e6 8. c3 c5 9. Bb5 Nc6 10. g4 Bg6 11. O-O Qb6 12. a4 Be7 13. dxc5 Nxc5 14. b4 Ne4 15. Nxe4 Bxe4 16. Be3 Qc7 17. Nd4 O-O 18. Bxc6 bxc6 19. f3 Bg6 20. Qd2 a6 21. f4 Be4 22. Nb3 f6 23. Nc5 Bxc5 24. Bxc5 fxe5 25. Bxf8 Rxf8 26. fxe5 Rxf1+ 27. Rxf1 Qxe5 28. Qf4 Qxf4 29. Rxf4 Bc2 30. a5 e5 31. Rf3 Bb3 32. Rf5 e4 33. Kf2 Bc4 34. Ke3 Bb5 35. Kd4 g6 36. Rf6 Kg7 37. g5 Kg8 38. h4 Kg7 39. Re6 Kf7 40. Re5 Kf8 41. Kc5 Kf7 42. Kd6 Kf8 43. Ke6 Kg7 44. Ke7 Bc4 45. Kd6 Bb5 46. Re7+ Kg8 47. Ke6 e3 48. Kf6 c5 49. bxc5 e2 50. c6 Bxc6 51. Rxe2 Bb5 52. Re7 Bc4 53. Rg7+ 1-0


[Site "https://www.chess.com"]

[Event "Titled Tuesday Blitz May 4 2021"]
[White "Myers, Dominique"]
[Black "Cella, Glaucio Dalla Cortt"]
[WhiteFideId "2041715"]
[BlackFideId "2119455"]
[WhiteElo "1986"]
[BlackElo "2011"]
[Result "1/2-1/2"]
[Round "04"]
[TimeControl "180+1"]
[Date "2021.05.04"]
[WhiteClock "0:00:15"]
[BlackClock "0:00:07"]

1. d4 Nf6 2. c4 e6 3. Nf3 Bb4+ 4. Nbd2 c6 5. g3 d5 6. Bg2 O-O 7. O-O Ne4 8. a3 Be7 9. b4 f5 10. Bb2 Nd7 11. Qc2 Ndf6 12. Ne5 Nd7 13. Ndf3 Bf6 14. Nd3 Qe8 15. Nfe5 Nxe5 16. dxe5 Be7 17. f3 Ng5 18. h4 Nf7 19. e4 dxe4 20. fxe4 fxe4 21. Bxe4 Nh6 22. Nf4 g6 23. Rad1 Nf5 24. Kh2 Ne3 25. Qb1 Nxd1 26. Qxd1 Qd8 27. Qe2 Bxh4 28. Rd1 Qg5 29. Qg2 Bxg3+ 30. Qxg3 Qxf4 31. Bg2 Qxg3+ 32. Kxg3 Rb8 33. Bd4 b6 34. Bxc6 Bb7 35. Bd7 Bc8 36. Bc6 Bb7 37. Bd7 Kf7 38. c5 Ke7 39. c6 Bc8 40. Bc3 Bxd7 41. Rxd7+ Ke8 42. Rxh7 Rf7 43. Rh8+ Rf8 44. Rh7 Rf7 45. Rh6 Ke7 46. Rxg6 Rbf8 47. Be1 Rf3+ 48. Kg2 Rf1 49. Bh4+ Ke8 50. Bf6 Rc1 51. b5 a6 52. a4 axb5 53. axb5 Rc5 54. Rg7 Rxb5 55. Re7+ Kd8 56. Rf7+ Ke8 57. Rd7 Rc5 58. Re7+ Kd8 59. c7+ Kc8 60. Rxe6 Rxc7 61. Rxb6 Rc2+ 62. Kf3 Rc7 63. Ke4 Rff7 64. Kf5 Rh7 65. Rb5 Kd7 66. e6+ Kc8 67. Kg6 Rh1 68. Bg5 Rg1 69. Re5 Re7 70. Kf6 Rxg5 71. Kxe7 Rxe5 72. Kd6 Rxe6+ 73. Kxe6 1/2-1/2


[Site "https://www.chess.com"]

[Event "Titled Tuesday Blitz May 4 2021"]
[White "Najdin, Danil"]
[Black "Minaya, Juan"]
[WhiteFideId "4172426"]
[BlackFideId "4400283"]
[WhiteElo "2193"]
[BlackElo "1850"]
[Result "1-0"]
[Round "04"]
[TimeControl "180+1"]
[Date "2021.05.04"]
[WhiteClock "0:00:51"]
[BlackClock "0:00:58"]

1. e4 e6 2. d4 c5 3. Nf3 cxd4 4. Nxd4 Nc6 5. Nxc6 bxc6 6. Bd3 d5 7. Nd2 Nf6 8. O-O Bc5 9. b3 Bd4 10. Rb1 a5 11. Ba3 a4 12. exd5 cxd5 13. Nf3 Bb6 14. Ne5 axb3 15. Bb5+ Bd7 16. Nxd7 Nxd7 17. Rxb3 f6 18. Qg4 Kf7 19. Bxd7 Qxd7 20. Rxb6 Rxa3 21. Rfb1 Ra7 22. a4 Rc8 23. a5 Rc6 24. Qh5+ Kg8 25. Rxc6 1-0


[Site "https://www.chess.com"]

[Event "Titled Tuesday Blitz May 4 2021"]
[White "Napoli, Nicolo"]
[Black "Jaskolka, Tomasz"]
[WhiteFideId "813702"]
[BlackFideId "1170791"]
[WhiteElo "2330"]
[BlackElo "2050"]
[Result "1-0"]
[Round "04"]
[TimeControl "180+1"]
[Date "2021.05.04"]
[WhiteClock "0:01:06"]
[BlackClock "0:00:10"]

1. e4 e6 2. Qe2 e5 3. Nf3 Nc6 4. g3 Nf6 5. Bg2 Bc5 6. O-O d6 7. c3 O-O 8. Rd1 Bg4 9. h3 Bxf3 10. Qxf3 Qd7 11. d3 a5 12. Bg5 Ne8 13. Nd2 f6 14. Be3 b5 15. Nf1 a4 16. d4 Bb6 17. Kh2 Na5 18. h4 Nc4 19. Bh3 Qe7 20. b3 axb3 21. axb3 Na5 22. b4 Nc4 23. Rxa8 exd4 24. Bxd4 1-0


[Site "https://www.chess.com"]

[Event "Titled Tuesday Blitz May 4 2021"]
[White "Nastore, Pavel-Alexandru"]
[Black "Bon, Michael"]
[WhiteFideId "1255002"]
[BlackFideId "620696"]
[WhiteElo "1809"]
[BlackElo "2434"]
[Result "0-1"]
[Round "04"]
[TimeControl "180+1"]
[Date "2021.05.04"]
[WhiteClock "0:00:02"]
[BlackClock "0:00:10"]

1. e4 c5 2. Nf3 d6 3. d4 cxd4 4. Nxd4 Nf6 5. Nc3 Nc6 6. Bg5 e6 7. Qd2 a6 8. f4 h6 9. Bxf6 Qxf6 10. Nf3 b5 11. O-O-O Be7 12. g4 g5 13. f5 Bb7 14. Be2 Ne5 15. Nxe5 Qxe5 16. Bf3 Rc8 17. Kb1 b4 18. Ne2 Bf6 19. Qxb4 O-O 20. Nc3 Rb8 21. Qa3 Rfc8 22. Kc1 Qf4+ 23. Kb1 Bxc3 0-1


[Site "https://www.chess.com"]

[Event "Titled Tuesday Blitz May 4 2021"]
[White "Nazaretyan, Tigran"]
[Black "Sztokbant, Bernardo Vainzoff"]
[WhiteFideId "24162345"]
[BlackFideId "2115956"]
[WhiteElo "2276"]
[BlackElo "2264"]
[Result "1/2-1/2"]
[Round "04"]
[TimeControl "180+1"]
[Date "2021.05.04"]
[WhiteClock "0:00:41"]
[BlackClock "0:00:26"]

1. d4 d5 2. c4 c6 3. Nf3 Nf6 4. Nc3 e6 5. e3 Nbd7 6. Qc2 Bd6 7. Be2 O-O 8. O-O a5 9. Rd1 Qe7 10. e4 dxe4 11. Nxe4 Nxe4 12. Qxe4 Nf6 13. Qc2 h6 14. b3 b6 15. Ne5 Bb7 16. Bf3 c5 17. Bb2 Bxf3 18. Nxf3 Rfd8 19. a4 Rac8 20. Qe2 cxd4 21. Bxd4 Bc5 22. h3 Bxd4 23. Nxd4 Qc5 24. Qe3 Rd7 25. Rd3 Rcd8 26. Rad1 Rd6 27. f4 Ne8 28. R3d2 Nf6 29. Qe5 Nd7 30. Qe3 Nf6 31. Kh2 Qh5 32. Kg1 Qc5 1/2-1/2


[Site "https://www.chess.com"]

[Event "Titled Tuesday Blitz May 4 2021"]
[White "Nesterov, Arseniy"]
[Black "Song, Michael"]
[WhiteFideId "24198455"]
[BlackFideId "2613190"]
[WhiteElo "2441"]
[BlackElo "2274"]
[Result "1/2-1/2"]
[Round "04"]
[TimeControl "180+1"]
[Date "2021.05.04"]
[WhiteClock "0:00:04"]
[BlackClock "0:00:07"]

1. d4 f5 2. Nf3 Nf6 3. c4 g6 4. e3 Bg7 5. b4 O-O 6. Bb2 d6 7. Be2 c6 8. O-O Ne4 9. Nbd2 Nxd2 10. Nxd2 e5 11. dxe5 dxe5 12. c5 Be6 13. Nc4 Bxc4 14. Bxc4+ Kh8 15. Qxd8 Rxd8 16. Rad1 Na6 17. a3 Nc7 18. Bb3 e4 19. Bxg7+ Kxg7 20. Bc4 Kf6 21. f3 exf3 22. gxf3 Ne6 23. Kf2 f4 24. Bxe6 fxe3+ 25. Kxe3 Kxe6 26. Rfe1 Kf6 27. Kf4 Rxd1 28. Rxd1 Rf8 29. Rd6+ Ke7+ 30. Ke4 Rf5 31. f4 Rh5 32. Rd2 Rh3 33. a4 Rb3 34. Rd4 Rb2 35. h4 Rh2 36. b5 Rxh4 37. bxc6 bxc6 38. Rd6 g5 39. Rxc6 Rxf4+ 40. Ke5 Rxa4 41. Rc7+ Kd8 42. Rxh7 Ra1 43. Kd6 Rd1+ 44. Kc6 g4 45. Rxa7 Ke8 46. Rg7 Rd4 47. Kc7 Kf8 48. Rg5 Kf7 49. c6 Kf6 50. Rc5 Re4 51. Rc3 Kf5 52. Kb7 Re7+ 53. c7 Kf4 54. Rc4+ Kf3 55. Rc3+ Kf4 56. Kc6 Rxc7+ 57. Kxc7 g3 58. Kd6 g2 59. Rc1 Ke3 60. Ke5 Kf2 61. Kf4 g1=Q 62. Rc2+ Kf1 63. Rc1+ Kg2 64. Rxg1+ Kxg1 1/2-1/2


[Site "https://www.chess.com"]

[Event "Titled Tuesday Blitz May 4 2021"]
[White "Nitin, S."]
[Black "Howell, David W L"]
[WhiteFideId "5018277"]
[BlackFideId "410608"]
[WhiteElo "2568"]
[BlackElo "2973"]
[Result "0-1"]
[Round "04"]
[TimeControl "180+1"]
[Date "2021.05.04"]
[WhiteClock "0:00:03"]
[BlackClock "0:00:07"]

1. e4 d5 2. exd5 Qxd5 3. Nc3 Qd6 4. d4 a6 5. Bd3 Nf6 6. Nge2 b5 7. Bf4 Qd8 8. Qd2 Bb7 9. f3 Nbd7 10. Ne4 e6 11. O-O-O Be7 12. h4 Nb6 13. Kb1 Nc4 14. Bxc4 bxc4 15. Nxf6+ gxf6 16. Qe3 Rb8 17. Nc3 Bd5 18. Ka1 Rb7 19. Rhe1 c6 20. g4 Qa5 21. Re2 Kd7 22. Nxd5 cxd5 23. Qd2 Bb4 24. c3 Be7 25. Qc2 Rb5 26. h5 h6 27. Rde1 Qb6 28. Rd1 Ra5 29. Rde1 Qb5 30. Rd1 Ra4 31. Rde1 Bf8 32. Rd1 Bg7 33. Rde1 Bf8 34. Rd1 Bd6 35. Bxd6 Kxd6 36. Qd2 Rb8 37. Qf4+ Ke7 38. Qc7+ Kf8 39. Qd6+ Kg7 40. f4 Rxa2+ 41. Kxa2 Qa4+ 42. Qa3 Qxd1 43. Rg2 Qb3+ 44. Qxb3 Rxb3 45. Re2 a5 46. Rf2 a4 47. Rf3 Kf8 48. Re3 Ke7 49. Rg3 Kd6 50. g5 fxg5 51. fxg5 hxg5 52. Rxg5 Rb8 53. Rg7 Rh8 54. Rxf7 Rxh5 55. Ra7 Rh2 56. Ra6+ Ke7 57. Rxa4 Kf6 58. Ra6 Re2 59. Ka3 Kf5 60. b3 cxb3 61. Kxb3 Re3 62. Ra8 Ke4 63. Kb4 Kd3 64. Ra2 Re1 65. Rb2 Rc1 66. Rb3 Kd2 67. Rb2+ Ke3 68. Rb3 Kd3 69. Ra3 Kc2 70. Kc5 Kb2 71. Ra4 Kxc3 72. Kd6 Re1 73. Kc6 Re4 74. Kd6 Rxd4 75. Ra8 Re4 76. Rc8+ Kd3 77. Ra8 d4 78. Ra4 Ke3 79. Ra3+ d3 80. Kc5 0-1


[Site "https://www.chess.com"]

[Event "Titled Tuesday Blitz May 4 2021"]
[White "Niyazgulova, Marina"]
[Black "Guimaraes, Diogo Duarte"]
[WhiteFideId "24142573"]
[BlackFideId "2112450"]
[WhiteElo "2087"]
[BlackElo "2263"]
[Result "1-0"]
[Round "04"]
[TimeControl "180+1"]
[Date "2021.05.04"]
[WhiteClock "0:01:11"]
[BlackClock "0:00:07"]

1. d4 f5 2. c4 Nf6 3. Nc3 e6 4. g3 Be7 5. Bg2 O-O 6. Nf3 d5 7. O-O c6 8. Bf4 Nbd7 9. Qc2 Ne4 10. Ne5 Nxe5 11. Bxe5 Bf6 12. f3 Bxe5 13. dxe5 Qb6+ 14. e3 Qxe3+ 15. Kh1 Nxc3 16. Qxc3 Qxc3 17. bxc3 dxc4 18. Rfd1 b5 19. Rd6 Kf7 20. Rxc6 Rd8 21. a4 bxa4 22. Rxc4 a3 23. h4 Rb8 24. Rxa3 Rd2 25. Rxa7+ Kg6 26. Rcc7 f4 27. g4 Bd7 28. Rxd7 Rb1+ 29. Kh2 Rxd7 30. Rxd7 Re1 31. Rd4 Rxe5 32. Rxf4 Re3 33. c4 Rc3 34. Kg3 h6 35. h5+ Kh7 36. Re4 g5 37. hxg6+ Kg7 38. Bf1 Kf6 39. g7 Kxg7 40. Rxe6 Rc1 41. Bd3 Rd1 42. Be4 Rc1 43. Rc6 Rg1+ 44. Kf2 Rc1 45. c5 Ra1 46. Rc7+ Kf6 47. Rh7 Kg5 48. c6 Rc1 49. c7 Rc3 50. Bb7 Kf4 51. Rf7+ Kg5 52. c8=Q Rxc8 53. Bxc8 h5 54. Rf5+ 1-0


[Site "https://www.chess.com"]

[Event "Titled Tuesday Blitz May 4 2021"]
[White "Nosacheva, Mariya"]
[Black "Rosenberg, Evan S"]
[WhiteFideId "34111422"]
[BlackFideId "2019299"]
[WhiteElo "2035"]
[BlackElo "2118"]
[Result "1-0"]
[Round "04"]
[TimeControl "180+1"]
[Date "2021.05.04"]
[WhiteClock "0:00:32"]
[BlackClock "0:00:01"]

1. e4 e5 2. Nf3 Nc6 3. Bb5 Nf6 4. O-O Nxe4 5. d4 Be7 6. dxe5 O-O 7. a3 d5 8. b4 Bg4 9. Bb2 Re8 10. Bd3 Qc8 11. Re1 Ng5 12. Nbd2 Nxf3+ 13. gxf3 Bh3 14. Kh1 Qe6 15. f4 Qh6 16. Qf3 Rad8 17. Rg1 Bf8 18. Rg3 Be6 19. Rag1 Ne7 20. f5 Nxf5 21. Bxf5 Qxd2 22. Bc1 Qd4 23. Bd3 Qxe5 24. Bf4 Qf6 25. Qh5 g6 26. Be5 Qxf2 27. R3g2 Qe3 28. Bf6 Qh6 29. Qf3 Rd7 30. Bg5 Qg7 31. Bf6 Qh6 32. Rg5 Bd6 33. Rh5 Qd2 34. Rh4 1-0


[Site "https://www.chess.com"]

[Event "Titled Tuesday Blitz May 4 2021"]
[White "Nouri, Alekhine"]
[Black "Loy, Konstantin"]
[WhiteFideId "5216184"]
[BlackFideId "14122499"]
[WhiteElo "1894"]
[BlackElo "2084"]
[Result "1-0"]
[Round "04"]
[TimeControl "180+1"]
[Date "2021.05.04"]
[WhiteClock "0:02:32"]
[BlackClock "0:00:07"]

1. e4 c5 2. Nc3 Nc6 3. Bb5 Nd4 4. Nf3 g6 5. Nxd4 cxd4 6. Ne2 Bg7 7. Bc4 e6 8. d3 Ne7 9. O-O O-O 10. f3 d5 11. Bb3 dxe4 12. fxe4 Nc6 13. Nf4 Na5 14. Qf3 Nxb3 15. axb3 e5 16. Nd5 Be6 17. Nf6+ Bxf6 18. Qxf6 Qxf6 19. Rxf6 Kg7 20. Rf2 a6 21. Bd2 Rac8 22. Bb4 Rfd8 23. Be7 Rd7 24. Bf6+ Kg8 25. Bxe5 f5 26. exf5 Bxf5 27. Re1 Re8 28. Rfe2 Rde7 29. h3 h5 30. Kf2 Rf7 31. Kg3 Rfe7 32. Kf4 Rf7 33. Kg5 Rfe7 34. g4 hxg4 35. hxg4 Bd7 36. c3 dxc3 37. bxc3 Bc6 38. d4 Re6 39. Rh2 1-0


[Site "https://www.chess.com"]

[Event "Titled Tuesday Blitz May 4 2021"]
[White "Novikov, Evgenij"]
[Black "Degtiarev, Evgeny"]
[WhiteFideId "4125380"]
[BlackFideId "4149610"]
[WhiteElo "2242"]
[BlackElo "2218"]
[Result "1-0"]
[Round "04"]
[TimeControl "180+1"]
[Date "2021.05.04"]
[WhiteClock "0:00:05"]
[BlackClock "0:00:03"]

1. e4 e5 2. Nf3 Nc6 3. d4 exd4 4. Nxd4 Nf6 5. Nc3 Bb4 6. Nxc6 dxc6 7. Qxd8+ Kxd8 8. Bd2 Be6 9. O-O-O Kc8 10. a3 Bc5 11. f3 b5 12. g4 a5 13. h4 a4 14. h5 b4 15. axb4 Bxb4 16. g5 Nd7 17. f4 a3 18. f5 a2 19. Nxa2 Bxd2+ 20. Kxd2 Bxa2 21. Ra1 Kb7 22. b3 Nc5 23. Bd3 Rhd8 24. Kc3 Bxb3 25. Rxa8 Kxa8 26. Ra1+ Kb7 27. Rb1 Kc8 28. Rxb3 Nxb3 29. Kxb3 f6 30. h6 gxh6 31. gxf6 h5 32. Be2 h4 33. Bg4 h5 34. Bh3 Kd7 35. e5 Ke8 36. e6 Rd5 37. Bg2 Rc5 38. c4 h3 39. Bxh3 h4 40. Bg2 Kf8 41. Bh3 Re5 42. Kb4 Re3 43. Bg4 h3 44. e7+ Kf7 45. Bh5+ Kxf6 46. e8=Q Rxe8 47. Bxe8 Kxf5 48. Bxc6 Ke6 49. Bh1 Kd6 50. Kb5 1-0


[Site "https://www.chess.com"]

[Event "Titled Tuesday Blitz May 4 2021"]
[White "Novikova, Galina"]
[Black "Dushyant Sharma"]
[WhiteFideId "4157095"]
[BlackFideId "25065130"]
[WhiteElo "1966"]
[BlackElo "2019"]
[Result "0-1"]
[Round "04"]
[TimeControl "180+1"]
[Date "2021.05.04"]
[WhiteClock "0:00:48"]
[BlackClock "0:01:05"]

1. e4 d5 2. exd5 Nf6 3. d4 Bg4 4. Be2 Bxe2 5. Nxe2 Qxd5 6. O-O Nc6 7. Nbc3 Qh5 8. Bf4 O-O-O 9. Qc1 Nxd4 10. Nxd4 Rxd4 11. a4 e5 12. Bg3 Bd6 13. Nb5 Rc4 14. Nxa7+ Kb8 15. Nb5 Qg4 16. Nxd6 cxd6 17. b3 Rc6 18. c4 h5 19. h3 Qe6 20. a5 h4 21. Bh2 g5 22. Qxg5 Rcc8 23. a6 Rcg8 24. Qe3 Qd7 25. axb7 Qxb7 26. Ra5 Qxg2# 0-1


[Site "https://www.chess.com"]

[Event "Titled Tuesday Blitz May 4 2021"]
[White "Obsivac, Josef"]
[Black "Antonio, Jorge Carlos"]
[WhiteFideId "303690"]
[BlackFideId "113190"]
[WhiteElo "2199"]
[BlackElo "2247"]
[Result "1-0"]
[Round "04"]
[TimeControl "180+1"]
[Date "2021.05.04"]
[WhiteClock "0:00:19"]
[BlackClock "0:00:11"]

1. d4 d5 2. c4 c6 3. Nf3 Nf6 4. Nc3 g6 5. Bg5 Bg7 6. Bxf6 Bxf6 7. cxd5 cxd5 8. Qb3 e6 9. e3 O-O 10. Be2 b6 11. a4 Ba6 12. Nb5 Nc6 13. O-O Na5 14. Qa2 Bxb5 15. axb5 Rc8 16. Rfc1 Qd6 17. Nd2 Qb4 18. Nf3 h5 19. g3 Nb3 20. Rxc8 Rxc8 21. Qa3 Qxa3 22. Rxa3 Nc1 23. Bf1 Rc7 24. Kg2 Be7 25. Rc3 Rxc3 26. bxc3 Na2 27. c4 dxc4 28. Bxc4 Nb4 29. Ne5 Bd6 30. f4 Bxe5 31. fxe5 Kf8 32. Kf3 Ke7 33. Kf4 Nc2 34. Bd3 Nb4 35. Be4 a5 36. bxa6 Nxa6 37. Bc6 Nc7 38. e4 b5 39. d5 exd5 40. exd5 Kd8 41. d6 Ne6+ 42. Ke3 b4 43. Bd5 Nc5 44. Bxf7 b3 45. Bxg6 Kd7 46. Bf5+ Kc6 47. Kd4 b2 48. Kc3 Na4+ 49. Kb3 Nc5+ 50. Kxb2 Kd5 51. d7 Nxd7 52. Bxd7 Kxe5 53. Kc3 Ke4 54. Be8 Kf3 55. Bxh5+ Kg2 56. g4 Kxh2 57. g5 Kh3 58. g6 Kh4 59. Be2 Kg5 60. g7 1-0


[Site "https://www.chess.com"]

[Event "Titled Tuesday Blitz May 4 2021"]
[White "Ognean, Mihnea-Ionut"]
[Black "Mekhitarian, Krikor Sevag"]
[WhiteFideId "1232347"]
[BlackFideId "2107660"]
[WhiteElo "2012"]
[BlackElo "2598"]
[Result "0-1"]
[Round "04"]
[TimeControl "180+1"]
[Date "2021.05.04"]
[WhiteClock "0:00:14"]
[BlackClock "0:00:08"]

1. e4 c5 2. Nf3 d6 3. d4 cxd4 4. Nxd4 Nf6 5. Nc3 a6 6. Be3 e6 7. f3 b5 8. Qd2 b4 9. Na4 e5 10. Nb3 Nc6 11. Nb6 Rb8 12. Nxc8 Qxc8 13. a4 Be7 14. a5 O-O 15. Bc4 Nd4 16. Nxd4 Qxc4 17. Nf5 Rfe8 18. Qd3 Qc6 19. Nxe7+ Rxe7 20. Bg5 Re6 21. Bxf6 Rxf6 22. O-O Qc5+ 23. Kh1 d5 24. exd5 Rd6 25. Rfd1 Rbd8 26. Qe4 Rxd5 27. Rxd5 Rxd5 28. h3 g6 29. Kh2 Kg7 30. Re1 Qxa5 31. Re2 Qc5 32. b3 a5 33. h4 h5 34. Qe3 Qxe3 35. Rxe3 f5 36. Re2 Kf6 37. Kg3 Ke6 38. Kf2 Rc5 39. Ke3 f4+ 40. Kd2 Rd5+ 41. Ke1 Kf5 42. Kf2 Rd4 43. g3 fxg3+ 44. Kxg3 Rd1 45. Kg2 Rd7 46. Kg3 Rc7 47. Kg2 Rc3 48. Kg3 Rc5 49. Kg2 g5 50. hxg5 Kxg5 51. Kg3 h4+ 52. Kh3 Kf4 53. Kxh4 Kxf3 54. Rh2 e4 55. Rh3+ Ke2 56. Kg4 Kd2 57. Kf4 e3 58. Rxe3 Rf5+ 59. Ke4 Re5+ 60. Kxe5 Kxe3 61. Kd5 Kd2 62. Kc4 Kxc2 63. Kb5 Kxb3 64. Kxa5 Ka3 65. Kb5 b3 66. Kc5 b2 67. Kd4 b1=Q 68. Kd5 Qb4 69. Kc6 Kb3 70. Kc7 Qb5 71. Kc8 Qb6 72. Kd7 Kc4 73. Kc8 Qa7 74. Kd8 Kd5 75. Ke8 Ke6 76. Kf8 Qf7# 0-1


[Site "https://www.chess.com"]

[Event "Titled Tuesday Blitz May 4 2021"]
[White "Omk124"]
[Black "De Waele, Warre"]
[BlackFideId "241156"]
[WhiteElo "2604"]
[BlackElo "2183"]
[Result "0-1"]
[Round "04"]
[TimeControl "180+1"]
[Date "2021.05.04"]
[WhiteClock "0:00:37"]
[BlackClock "0:00:29"]

1. e4 e5 2. Nf3 Nc6 3. Bc4 Nf6 4. d3 Bc5 5. c3 d6 6. Nbd2 O-O 7. Nf1 d5 8. exd5 Nxd5 9. Ng3 Kh8 10. Ne4 Be7 11. O-O Bg4 12. h3 Bh5 13. Ng3 Bg6 14. Re1 Qd6 15. Ne4 Qd7 16. Ng3 Qd6 17. Bd2 a6 18. b4 Nb6 19. Be3 Nxc4 20. dxc4 Qe6 21. Qe2 Rad8 22. Rad1 Rxd1 23. Rxd1 Rd8 24. Rxd8+ Nxd8 25. Nd2 f5 26. f4 exf4 27. Bxf4 Qxe2 28. Nxe2 Ne6 29. Be5 Kg8 30. Nd4 Nxd4 31. Bxd4 Kf7 32. Nf3 Ke6 33. Bxg7 f4 34. Kf2 Bd3 35. c5 Bc4 36. a3 Kf5 37. Nd2 Bd5 38. Bd4 Bh4+ 39. Kf1 Be7 40. Kf2 Bh4+ 41. Kg1 Be1 42. Nf3 Bg3 43. Ne5 Ke4 44. Kf1 Bh4 45. Ke2 Bf6 46. Nf3 Be7 47. Kd2 Kf5 48. Ke2 Ke4 49. Nd2+ Kf5 50. Kf1 Bh4 51. Bf2 Be7 52. a4 Bf6 53. c4 Be6 54. Ke2 Bc3 55. b5 c6 56. bxc6 bxc6 57. Kd3 Bxd2 58. Kxd2 Bxc4 59. Kc3 Bf1 60. g3 Bxh3 61. gxf4 Kxf4 62. Kb4 Ke5 63. Ka5 Bf1 64. Kb6 Kd5 65. a5 Bb5 66. Bh4 Ke5 67. Be1 Kf4 68. Bh4 Kg4 69. Be1 h5 70. Bc3 h4 71. Be5 h3 72. Kc7 Kf3 73. Kd6 Kg2 74. Bf4 h2 75. Bxh2 Kxh2 76. Ke5 Kg2 77. Kd4 Kf3 78. Kc3 Ke4 79. Kb4 Kd5 80. Kb3 Kxc5 81. Kb2 Kb4 82. Ka1 Kxa5 83. Kb2 Kb4 84. Ka1 a5 85. Kb1 Kc3 86. Ka1 c5 87. Kb1 c4 88. Ka1 Kd2 89. Ka2 c3 90. Ka1 c2 91. Ka2 Bc4+ 92. Ka3 c1=Q+ 93. Ka4 Qa1# 0-1


[Site "https://www.chess.com"]

[Event "Titled Tuesday Blitz May 4 2021"]
[White "Onyshchuk, Volodymyr"]
[Black "Avila Pavas, Santiago"]
[WhiteFideId "14114038"]
[BlackFideId "4437128"]
[WhiteElo "2605"]
[BlackElo "2244"]
[Result "0-1"]
[Round "04"]
[TimeControl "180+1"]
[Date "2021.05.04"]
[WhiteClock "0:00:26"]
[BlackClock "0:00:32"]

1. Nf3 Nf6 2. g3 g6 3. Bg2 Bg7 4. O-O O-O 5. d3 c5 6. c4 Nc6 7. Nc3 b6 8. Rb1 Bb7 9. a3 d5 10. cxd5 Nxd5 11. Nxd5 Qxd5 12. b4 cxb4 13. axb4 Rac8 14. Bb2 Bxb2 15. Rxb2 Rfd8 16. Qa1 a6 17. h4 Nd4 18. Re1 Nc2 19. Qb1 Nxe1 20. Nxe1 Qd7 21. Bxb7 Qxb7 22. Nf3 Qc7 23. Kg2 Qc1 24. Qa2 Rc3 25. Ng5 Rf8 26. Ne4 Rcc8 27. h5 Qc6 28. h6 Qe6 29. Qxe6 fxe6 30. Ra2 Ra8 31. Ng5 Rf6 32. Rc2 a5 33. bxa5 bxa5 34. Rc7 Rf5 35. f4 a4 36. Rxe7 Rxg5 37. fxg5 a3 38. Rg7+ Kh8 39. Rf7 a2 0-1


[Site "https://www.chess.com"]

[Event "Titled Tuesday Blitz May 4 2021"]
[White "Ortega Amarelle, Mariano"]
[Black "Bolanos, Fernando"]
[WhiteFideId "3504301"]
[BlackFideId "3304094"]
[WhiteElo "2388"]
[BlackElo "1998"]
[Result "0-1"]
[Round "04"]
[TimeControl "180+1"]
[Date "2021.05.04"]
[WhiteClock "0:00:10"]
[BlackClock "0:00:08"]

1. e4 c5 2. Nf3 Nc6 3. Bb5 e6 4. O-O Nge7 5. Nc3 a6 6. Bxc6 Nxc6 7. d4 cxd4 8. Nxd4 d6 9. Nxc6 bxc6 10. Qg4 e5 11. Qg3 h5 12. h3 h4 13. Qd3 g5 14. f3 Be7 15. b3 a5 16. Rd1 Be6 17. Ba3 Qd7 18. Kh2 Rd8 19. Na4 Rg8 20. Qa6 g4 21. Nc5 g3+ 22. Kg1 Qc8 23. Qxc8 Bxc8 24. Na4 f5 25. c4 Rf8 26. Rf1 fxe4 27. fxe4 Bg5 28. Bc1 Rxf1+ 29. Kxf1 Be7 30. Be3 Kf7 31. Ke2 Ke6 32. Rf1 Bd7 33. Nc3 Be8 34. Kd3 Rd7 35. Rf5 Bg6 36. Rf1 Rd8 37. Ke2 Ra8 38. Kd3 Rd8 39. Ke2 Rd7 40. Rd1 Rd8 41. Bb6 Rf8 42. Rf1 Bh5+ 43. Ke1 Ra8 44. Kd2 Bg6 45. Ke3 Ra6 46. Na4 Bg5+ 47. Kf3 Ra8 48. Re1 Rf8+ 49. Kg4 Be7 50. Re2 Rf1 51. Bxa5 Rf4# 0-1


[Site "https://www.chess.com"]

[Event "Titled Tuesday Blitz May 4 2021"]
[White "Palchuk, Andrii"]
[Black "Sailer, Mike"]
[WhiteFideId "14176688"]
[BlackFideId "2012901"]
[WhiteElo "2184"]
[BlackElo "2109"]
[Result "1-0"]
[Round "04"]
[TimeControl "180+1"]
[Date "2021.05.04"]
[WhiteClock "0:00:03"]
[BlackClock "0:00:03"]

1. d4 d5 2. c4 Bf5 3. Nc3 e6 4. Nf3 Nc6 5. a3 Nf6 6. Bg5 Be7 7. e3 h6 8. Bh4 Ne4 9. Bxe7 Nxe7 10. Rc1 c6 11. Be2 O-O 12. O-O Nxc3 13. Rxc3 a6 14. Qb3 Rb8 15. Nd2 Bh7 16. Qa2 Nf5 17. Nb3 Nd6 18. Nc5 Ne4 19. Nxe4 Bxe4 20. Bd3 Bxd3 21. Rxd3 dxc4 22. Qxc4 Qd5 23. Qc2 Rfd8 24. Rfd1 Rbc8 25. b4 Qf5 26. f3 e5 27. e4 Qg5 28. dxe5 Rxd3 29. Qxd3 Qxe5 30. Qd4 Qxd4+ 31. Rxd4 Rc7 32. Rd8+ Kh7 33. Kf2 Kg6 34. f4 Kf6 35. Re8 h5 36. Ke3 Rd7 37. Rb8 g6 38. g3 Ke7 39. h3 Kd6 40. Rc8 Rc7 41. e5+ Kd7 42. Rh8 Ke7 43. Kd4 Rd7+ 44. Kc3 Rd1 45. Rb8 Rd7 46. g4 hxg4 47. hxg4 Rc7 48. Kc4 Rd7 49. Kc5 Rd5+ 50. Kb6 Rd4 51. Rxb7+ Ke6 52. f5+ gxf5 53. gxf5+ Kxf5 54. Rxf7+ Kxe5 55. Kxc6 Rd3 56. a4 Rc3+ 57. Kb6 Rb3 58. Ka5 Kd4 59. Rf4+ Kc3 60. Kxa6 Ra3 61. a5 Ra4 62. Kb6 Ra1 63. a6 Kb3 64. a7 Ra4 65. Kb7 Rxb4+ 66. Rxb4+ Kxb4 67. a8=Q 1-0


[Site "https://www.chess.com"]

[Event "Titled Tuesday Blitz May 4 2021"]
[White "Pantzar, Milton"]
[Black "Lazavik, Denis"]
[WhiteFideId "1721003"]
[BlackFideId "13515110"]
[WhiteElo "2323"]
[BlackElo "2436"]
[Result "0-1"]
[Round "04"]
[TimeControl "180+1"]
[Date "2021.05.04"]
[WhiteClock "0:00:05"]
[BlackClock "0:00:14"]

1. c4 Nf6 2. Nc3 e6 3. e4 d5 4. e5 d4 5. exf6 dxc3 6. bxc3 Qxf6 7. d4 b6 8. Be2 Bb7 9. Bf3 Bxf3 10. Nxf3 Bd6 11. Qa4+ c6 12. Ba3 Bxa3 13. Qxa3 Qe7 14. Qa4 O-O 15. O-O Qc7 16. Ne5 Rc8 17. Rae1 Nd7 18. f4 b5 19. Qc2 bxc4 20. f5 Nxe5 21. Rxe5 exf5 22. Qxf5 Re8 23. Rc5 Re2 24. Rxc4 Rae8 25. Qf3 Re1 26. Rxc6 Rxf1+ 27. Kxf1 Qb7 28. g3 Qb2 29. Qe3 Rb8 30. Rc5 Qxa2 0-1


[Site "https://www.chess.com"]

[Event "Titled Tuesday Blitz May 4 2021"]
[White "Pasti, Aron"]
[Black "Ezat, Mohamed"]
[WhiteFideId "785857"]
[BlackFideId "10600906"]
[WhiteElo "2082"]
[BlackElo "2417"]
[Result "0-1"]
[Round "04"]
[TimeControl "180+1"]
[Date "2021.05.04"]
[WhiteClock "0:00:02"]
[BlackClock "0:00:06"]

1. e4 d5 2. exd5 c6 3. dxc6 Nxc6 4. Nc3 e5 5. d3 f5 6. Nf3 Nf6 7. Be2 Bd6 8. O-O O-O 9. Re1 Kh8 10. Bg5 h6 11. Bxf6 Qxf6 12. Nd5 Qf7 13. Ne3 Be6 14. d4 Rad8 15. d5 e4 16. dxe6 Qxe6 17. Nd2 f4 18. Ng4 e3 19. fxe3 fxe3 20. Bf3 Bc5 21. Kh1 Ne5 22. Nxe5 Qxe5 23. Nc4 Qf4 24. Qe2 Rde8 25. Bxb7 Rf5 26. Rf1 Qg5 27. Rxf5 Qxf5 28. Bf3 Qf4 29. Re1 a5 30. b3 a4 31. Qd3 a3 32. Rf1 Qh4 33. Qg6 Rf8 34. Qg3 Qf6 35. Qe1 Qd4 36. Be2 Rf2 37. Rxf2 exf2 38. Qf1 Qc3 39. g3 Qxc2 40. Bd3 Qxa2 41. Bb1 Qa1 42. Nd2 a2 43. Bc2 Qb2 44. Nc4 Qxc2 45. Qa1 Qb1+ 0-1


[Site "https://www.chess.com"]